 Dungeon Sprint DCSS version 0.28.0-53-g5a82cb258f (webtiles) character file.

Game seed: 6893075568881319518

252 Zeld the Skirmisher (level 5, -11/78 HPs)
             Began as a Palentonga Berserker on June 4, 2022.
             Was a Believer of Trog.
             Mangled by a slime creature (16 damage)
             ... in the Dungeon (Sprint I: "Red Sonja").
             The game lasted 00:00:18 (449 turns).

Zeld the Skirmisher (Palentonga Berserker)           Turns: 449, Time: 00:00:18

Health: -11/78     AC:  4    Str: 23    XL:     5   Next: 89%
Magic:  5/5        EV: 10    Int:  7    God:    Trog [**....]
Gold:   162        SH:  0    Dex:  9    Spells: 4/4 levels left

rFire   . . .      SeeInvis +   a - +0 hand axe
rCold   . . .      Faith    .   (no shield)
rNeg    . . .      Spirit   .   b - +0 animal skin
rPois   .          Reflect  .   (no helmet)
rElec   .          Harm     .   (no cloak)
rCorr   .          Rampage  .   (no gloves)
Will    .....      NoTele   +   (no barding)
Stlth   ..........              (no amulet)
HPRegen 0.23/turn               (no ring)
MPRegen 0.09/turn               (no ring)

@: berserking, very quick
A: large, rugged brown scales 3, see invisible, deformed body, roll 1, armoured
tail
a: Rolling Charge, Renounce Religion, Berserk, Trog's Hand


You were in the Dungeon.
You worshipped Trog.
Trog was pleased with you.
You visited 1 branch You collected 162 gold pieces.

Inventory:

Hand Weapons
 a - a +0 hand axe (weapon)
Armour
 b - a +0 animal skin (worn)
Wands
 i - a wand of flame (3)
Scrolls
 h - a scroll of blinking
Potions
 c - a potion of curing
 d - a potion of heal wounds
 e - a potion of haste
 f - 2 potions of magic
 g - a potion of berserk rage
 j - a potion of cancellation {unknown}


   Skills:
 * Level 7.7 Fighting
 * Level 7.7 Axes
 + Level 4.4 Armour
 + Level 4.3 Dodging


You had 4 spell levels left.
You didn't know any spells.
Your spell library was empty.

Dungeon Overview and Level Annotations

Branches:
Dungeon (1/1)

Altars:
Makhleb
Xom
Jiyva
Lugonu


Innate Abilities, Weirdness & Mutations

You are completely covered in rugged brown scales. (AC +3, +7% HP)
You have supernaturally acute eyesight. (SInv)
Armour fits poorly on your strangely shaped body.
You can roll at nearby foes to attack.
You have a long armoured tail.


Message History

You open the door.
Found 108 gold pieces.
You start resting.
There is an open door here.
You start resting.
You now have 81 gold pieces (gained 27).
You start resting.
You now have 108 gold pieces (gained 27).
You feel yourself speed up.
You now have 135 gold pieces (gained 27).
You now have 162 gold pieces (gained 27).
You open the door.
A slime creature comes into view.
Found four altars.
You're still recovering from your berserk rage.
The slime creature barely misses you.
There is an open door here.
You hit the slime creature.
The slime creature is lightly wounded.
The slime creature hits you!!
You hit the slime creature.
The slime creature is lightly wounded.
The slime creature hits you!
You are too injured to fight recklessly!
You hit the slime creature.
The slime creature is lightly wounded.
The slime creature hits you.
* * * LOW HITPOINT WARNING * * *
You are too injured to fight recklessly!
You're still recovering from your berserk rage.
You recover from your berserk rage.
There is an open door here.
There is an open door here.
A red film seems to cover your vision as you go berserk!
You feel yourself moving faster!
You feel mighty! The slime creature hits you!
* * * LOW HITPOINT WARNING * * *
You hit the slime creature.
The slime creature is lightly wounded.
The slime creature hits you!
You die...

###################
#<.#..)..#.)'..#__#
#..').#..@J.#..'..+
#..#####'#####+#__#
#..# #..# ### #..#
#### #..# #⌠⌠# ####


You could see a slime creature.

Vanquished Creatures
  Sigmund (D)
  An ogre (D)
  Ijyb (D)
3 creatures vanquished.

Notes
Turn   | Place    | Note
-------+----------+-------------------------------------------
     0 | D        | Zeld the Palentonga Berserker began the quest for the Orb.
     0 | D        | Reached XP level 1. HP: 19/19 MP: 1/1
     2 | D        | Noticed Ijyb
    10 | D        | Killed Ijyb
    11 | D        | Reached XP level 2. HP: 8/27 MP: 2/2
   339 | D        | Noticed an ogre
   344 | D        | Killed an ogre
   345 | D        | Reached XP level 3. HP: 36/36 MP: 3/3
   345 | D        | Reached XP level 4. HP: 42/42 MP: 4/4
   400 | D        | Noticed Sigmund
   407 | D        | Killed Sigmund
   407 | D        | Reached ** piety under Trog
   408 | D        | Reached XP level 5. HP: 36/52 MP: 5/5
   437 | D        | Found a burning altar of Makhleb.
   437 | D        | Found a viscous altar of Jiyva.
   437 | D        | Found a shimmering altar of Xom.
   437 | D        | Found a corrupted altar of Lugonu.
   437 | D        | Noticed a slime creature
   449 | D        | Mangled by a slime creature

Illustrated notes

Levels and vault maps discovered:
D:        dungeon_sprint_1 [red_sonja_temple_1, red_sonja_temple_small_1]

Skill      XL: |  1  2  3  4 |
---------------+-------------+-----
Fighting       | 4 6 7 |  7.7
Axes           | 4 6 7 |  7.7
Armour         | 2 3 4 |  4.4
Dodging        | 2 3 4 |  4.3

Action                   |  1- 3 |  4- 6 || total
-------------------------+-------+-------++-------
Melee: Hand axe          |    10 |     7 ||    17
       Punch             |     1 |       ||     1
       Tailslap          |       |     1 ||     1
Invok: Berserk           |     2 |     2 ||     4
Dodge: Dodged            |     2 |     3 ||     5
